 Dungeon Crawl Stone Soup version 0.26.0-10-g1f06aea511 (webtiles) character file.

Game seed: 883929167692005305

1060 funkygono the Magician (level 8, -5/58 HPs)
             Began as a White Draconian Fire Elementalist on Jan 26, 2021.
             Slain by a black bear (8 damage)
             ... on level 6 of the Dungeon.
             The game lasted 00:13:38 (5760 turns).

funkygono the Magician (DrFE)                       Turns: 5760, Time: 00:13:39

Health: -5/58      AC: 10    Str: 10    XL:     8   Next: 6%
Magic:  5/16       EV: 12    Int: 19    God:
Gold:   261        SH:  0    Dex: 13    Spells: 5/17 levels left

rFire    + . .     SeeInvis +   o - +4 falchion of Equilibrium {vorpal, rF+ Int+2 SInv}
rCold    + . .     Faith    .   (no shield)
rNeg     . . .     Spirit   .   (armour unavailable)
rPois    .         Reflect  .   (helmet restricted)
rElec    .         Harm     .   (no cloak)
rCorr    .         Rampage  .   (no gloves)
Will     .....                  (no boots)
Stlth    ++........             (no amulet)
HPRegen  0.19/turn              e - ring of wizardry
MPRegen  0.15/turn              j - +4 ring of protection

@: brilliant, about to teleport
A: breathe frost, unfitting armour, cold resistance 1, cold-blooded, AC +6
a: Breathe Frost


You were on level 6 of the Dungeon.
You visited 1 branch of the dungeon, and saw 6 of its levels.

You collected 261 gold pieces.

Inventory:

Hand Weapons
 k - a +0 whip
 o - the +4 falchion of Equilibrium (weapon) {vorpal, rF+ Int+2 SInv}
   (You found it on level 4 of the Dungeon)

   It inflicts extra damage upon your enemies.
   It affects your intelligence (+2).
   It protects you from fire.
   It lets you see invisible.
Armour
 c - a +1 buckler
Jewellery
 b - an uncursed ring of magical power
 d - an uncursed ring of poison resistance
 e - a ring of wizardry (left hand)
 i - an uncursed ring of see invisible
 j - a +4 ring of protection (right hand)
 l - an uncursed ring of positive energy
 q - an uncursed ring of protection from cold
Wands
 s - a wand of flame (20)
Scrolls
 a - 4 scrolls of identify
 f - 3 scrolls of enchant armour
 h - 2 scrolls of remove curse
 p - a scroll of teleportation
 r - a scroll of amnesia
Potions
 g - a potion of curing
 n - a potion of haste {unknown}


   Skills:
 + Level 0.3 Fighting
 + Level 0.3 Long Blades
 + Level 2.1 Dodging
 + Level 2.7 Stealth
 * Level 5.3 Spellcasting
 * Level 4.7 Conjurations
 * Level 5.0 Fire Magic


You had 5 spell levels left.
You knew the following spells:

 Your Spells              Type           Power        Failure   Level
a - Foxfire               Conj/Fire      100%         1%          1
b - Conjure Flame         Conj/Fire      35%          1%          3
c - Inner Flame           Hex/Fire       21%          5%          3
d - Fireball              Conj/Fire      17%          17%         5

Your spell library contained the following spells:

 Spells                   Type           Power        Failure   Level
 Sticky Flame             Conj/Fire      35%          6%          4


Dungeon Overview and Level Annotations

Branches:
Dungeon (6/15)
 Temple: D:4-7

Altars:
Okawaru
Trog
Zin

Shops:
D:4 }


Innate Abilities, Weirdness & Mutations

You can breathe waves of freezing cold.
You can buffet flying creatures when you breathe cold.
Your icy white scales are hard. (AC +6)
You cannot fit into any form of body armour.
Your flesh is cold resistant. (rC+)
You are cold-blooded and may be slowed by cold attacks.


Message History

You hit the orc.
You kill the orc!
The foxfire hits the black bear.
The black bear is moderately wounded.
Your foxfire dissipates!
You open the door. 4 gnolls come into view.
The black bear barely misses you.
You riposte.
You hit the black bear.
The black bear is moderately wounded.
The black bear barely misses you.
The black bear claws you but does no damage.
As you read the scroll of teleportation, it crumbles to dust.
You feel strangely unstable. The gnoll hits you!
* * * LOW HITPOINT WARNING * * *
The black bear bites you but does no damage.
The black bear misses you. The black bear barely misses you.
It was a potion of brilliance.
You feel clever all of a sudden. The gnoll misses you.
The black bear bites you!
You die...

## ..# ...# #####gg..#
#ch@g...g# #)###....# ..
#.# ...##......##
#(#########.......#
######........##.......##
#>.......................
##.....(...)...........(..
............)).###......##
......((....).).........#


You could see a black bear, a centaur and 4 gnolls.

Vanquished Creatures
  An orc warrior (D:6)
  2 centaurs (D:5)
  A bullfrog (D:6)
  A howler monkey (D:4)
  3 hounds
  2 orc priests
  2 jellies
  5 orc wizards
  Jessica (D:2)
  Natasha (twice) (D:2)
  Terence (D:3)
  A worker ant (D:4)
  A hound skeleton (D:5)
  A hound zombie (D:4)
  7 adders
  A shadow imp (D:5)
  A white imp (D:6)
  An ufetubus (D:5)
  2 oozes (D:3)
  An adder zombie (D:5)
  2 worms
  6 leopard geckos
  11 orcs
  2 ball pythons
  4 giant cockroaches
  8 goblins
  8 hobgoblins
  10 jackals
  8 kobolds
  3 quokkas
  14 bats
  4 frilled lizards
  A jackal skeleton (D:4)
  A leopard gecko skeleton (D:4)
  8 rats
127 creatures vanquished.

Vanquished Creatures (others)
  466 foxfires
466 creatures vanquished.

Grand Total: 593 creatures vanquished

Notes
Turn   | Place    | Note
-------+----------+-------------------------------------------
     0 | D:1      | funkygono the Draconian Fire Elementalist began the quest
                  | for the Orb.
     0 | D:1      | Reached XP level 1. HP: 14/14 MP: 3/3
   237 | D:1      | Reached XP level 2. HP: 20/20 MP: 5/5
   729 | D:1      | Reached XP level 3. HP: 23/26 MP: 6/6
   733 | D:1      | Learned a level 3 spell: Conjure Flame
  1122 | D:2      | Noticed Natasha
  1128 | D:2      | Killed Natasha
  1288 | D:2      | Reached XP level 4. HP: 33/33 MP: 8/8
  1337 | D:2      | Noticed Natasha
  1348 | D:2      | Killed Natasha
  1396 | D:2      | Noticed Jessica
  1410 | D:2      | Killed Jessica
  1683 | D:2      | Reached XP level 5. HP: 38/38 MP: 9/9
  2496 | D:3      | Noticed Terence
  2509 | D:3      | Killed Terence
  2985 | D:3      | Reached XP level 6. HP: 12/45 MP: 11/11
  3323 | D:3      | Learned a level 3 spell: Inner Flame
  3329 | D:3      | Learned a level 5 spell: Fireball
  4174 | D:4      | Reached skill level 5 in Fire Magic
  4246 | D:4      | Found Quwuhuel's Gadget Shop.
  4349 | D:4      | Found an iron altar of Okawaru.
  4353 | D:4      | Got a shimmering falchion
  4354 | D:4      | Identified the +4 falchion of Equilibrium {vorpal, rF+
                  | Int+2 SInv} (You found it on level 4 of the Dungeon)
  4612 | D:5      | Entered Level 5 of the Dungeon
  4708 | D:5      | Your scales start taking on an icy white colour.
  4708 | D:5      | Reached XP level 7. HP: 46/50 MP: 13/13
  4708 | D:5      | Gained mutation: Your flesh is cold resistant. (rC+) [White
                  | Draconian growth]
  5220 | D:5      | Found a glowing silver altar of Zin.
  5273 | D:5      | Found a bloodstained altar of Trog.
  5637 | D:6      | Reached skill level 5 in Spellcasting
  5740 | D:6      | Reached skill level 5 in Fire Magic
  5740 | D:6      | Reached XP level 8. HP: 22/58 MP: 3/16
  5743 | D:6      | HP: 2/58 [centaur/arrow (11)]
  5760 | D:6      | Slain by a black bear

Illustrated notes

Levels and vault maps discovered:
D:1:      minmay_arrival_radiant_lines, layout_basic, serial_corexii_hall,
          chequers_hall_statues_y, corexii_hall_statues_deadend,
          corexii_hall_statues_i
D:2:      layout_basic, uniq_natasha, uniq_jessica
D:3:      layout_loops_corners, uniq_terence
D:4:      layout_basic, okawaru_ov_weapons_minmay, serial_shops,
          kennysheep_little_box
D:5:      layout_basic, zin_statuary, bloody_trog
D:6:      layout_basic, minmay_temple_entry_junction

Skill      XL: |  1  2  3  4  5  6  7 |
---------------+----------------------+-----
Stealth        | 2 |  2.7
Conjurations   | 2 3 4 |  4.7
Fire Magic     | 4 4 5 |  5.0
Spellcasting   | 3 4 5 |  5.3
Dodging        | 2 |  2.1
Fighting       | |  0.3
Long Blades    | |  0.3

Action                   |  1- 3 |  4- 6 |  7- 9 || total
-------------------------+-------+-------+-------++-------
Melee: Whip              |       |    20 |       ||    20
       Tailslap          |       |     1 |     2 ||     3
       Falchion          |       |       |     7 ||     7
 Cast: Foxfire           |    53 |   183 |    58 ||   294
  Use: Scroll            |     4 |     6 |     2 ||    12
       Potion            |       |     2 |     2 ||     4
Armor: Skin              |     5 |    36 |    18 ||    59
Dodge: Dodged            |    20 |    53 |    18 ||    91
       Rpst.: Falchion   |       |       |     4 ||     4
